 Dungeon Crawl Stone Soup version 0.20.1-1-g8b1a95d (webtiles) character file.

96 FerrousOx the Changer (level 4, -3/32 HPs)
             Began as a Merfolk Transmuter on July 31, 2017.
             Slain by FerrousOx's ghost (4 damage)
             ... on level 3 of the Dungeon.
             The game lasted 00:09:55 (2331 turns).

FerrousOx the Changer (Merfolk Transmuter)          Turns: 2331, Time: 00:09:55

Health: -3/32      AC:  2    Str: 12    XL:     4   Next: 67%
Magic:  2/7        EV: 21    Int: 18    God:
Gold:   86         SH:  0    Dex: 19    Spells: 1/7 levels left

rFire    + . .     SeeInvis .     - Unarmed
rCold    + . .     Gourm    .   (shield currently unavailable)
rNeg     . . .     Faith    .   (armour currently unavailable)
rPois    .         Spirit   .   (helmet currently unavailable)
rElec    +         Reflect  .   (cloak currently unavailable)
rCorr    +         Harm     .   (gloves currently unavailable)
MR       .....                  (boots currently unavailable)
Stlth    ++........             (no amulet)
Regen    0.1/turn               l - +2 ring of strength
MPRegen  0.1/turn               m - ring of poison resistance

@: brilliant, spider-form (expiring), resistant
A: (change form in water), (swift swim), (stealthy swim)
a: End Transformation


You were on level 3 of the Dungeon.
You were hungry.
You were a venomous arachnid creature.
You visited 1 branch of the dungeon, and saw 3 of its levels.

You collected 86 gold pieces.

Inventory:

Missiles
 a - 28 arrows
Armour
 b - a +1 robe (melded)
 e - a +0 helmet
Jewellery
 l - a +2 ring of strength (left front leg)
 m - a ring of poison resistance (right front leg)
Scrolls
 g - a scroll of enchant weapon {unknown}
 h - a scroll of remove curse {unknown}
 i - 2 scrolls of fog
Books
 c - a book of Changes

   Spells                             Type                      Level
   a - Beastly Appendage              Transmutation                1
   b - Sticks to Snakes               Transmutation                2
   c - Spider Form                    Transmutation/Poison         3
   d - Ice Form                       Ice/Transmutation            4
   e - Blade Hands                    Transmutation                5
 o - a book of Changes

   Spells                             Type                      Level
   a - Beastly Appendage              Transmutation                1
   b - Sticks to Snakes               Transmutation                2
   c - Spider Form                    Transmutation/Poison         3
   d - Ice Form                       Ice/Transmutation            4
   e - Blade Hands                    Transmutation                5
Comestibles
 f - a meat ration
 k - 2 fruits


   Skills:
 - Level 1.2 Fighting
 - Level 3.1 Dodging
 - Level 0.8 Stealth
 - Level 3.8 Unarmed Combat
 - Level 2.3 Spellcasting
 * Level 4.9 Transmutations
 - Level 0.2 Poison Magic


You had one spell level left.
You knew the following spells:

 Your Spells              Type           Power        Failure   Level  Hunger
a - Beastly Appendage     Tmut           ####..       1%          1    #......
b - Spider Form           Tmut/Pois      ###.......   4%          3    ###....
c - Sticks to Snakes      Tmut           ####....     1%          2    ##.....


Dungeon Overview and Level Annotations

Branches:
Dungeon (3/15)

Altars:

Annotations:
D:3 FerrousOx's ghost, amateur MfTm


Message History

Your transformation is almost over.
It was a potion of resistance.
You feel protected. FerrousOx's ghost hits you.
* * * LOW HITPOINT WARNING * * *
It was a potion of brilliance.
You feel clever all of a sudden. FerrousOx's ghost closely misses you.
You hit FerrousOx's ghost.
FerrousOx's ghost is almost destroyed.
FerrousOx's ghost hits you.
* * * LOW HITPOINT WARNING * * *
You hit FerrousOx's ghost.
FerrousOx's ghost is almost destroyed.
FerrousOx's ghost hits you.
* * * LOW HITPOINT WARNING * * *
You completely miss FerrousOx's ghost.
FerrousOx's ghost is almost destroyed.
FerrousOx's ghost hits you.
You die...

.###.#.#########)#
.....%..†........#
####.#.########((#
#.#.$.#.......#
#.#...#.#####.#
......# #.#
...=...# #.#
.........# #W#
.........# #s#
.........# #.#
.........# #.# #.#
#.# #.# #.# #.#
#.#


You could see FerrousOx's ghost.

Vanquished Creatures
  3 adders
  2 worms (D:2)
  A dart slug (D:1)
  2 giant cockroaches
  7 hobgoblins
  12 jackals
  7 kobolds
  8 bats
  5 frilled lizards
  5 goblins
  4 rats
56 creatures vanquished.

Notes
Turn   | Place    | Note
-------+----------+-------------------------------------------
     0 | D:1      | FerrousOx the Merfolk Transmuter began the quest for the Orb.
     0 | D:1      | Reached XP level 1. HP: 15/15 MP: 3/3
   164 | D:1      | Reached XP level 2. HP: 15/21 MP: 3/5
   692 | D:1      | Reached XP level 3. HP: 21/26 MP: 4/6
   701 | D:1      | Reached skill level 3 in Transmutations
   911 | D:1      | Learned a level 3 spell: Spider Form
  1513 | D:2      | Reached skill level 4 in Transmutations
  1513 | D:2      | Reached XP level 4. HP: 23/32 MP: 4/7
  1871 | D:2      | Learned a level 2 spell: Sticks to Snakes
  2221 | D:3      | Noticed FerrousOx's ghost (amateur MfTm)
  2330 | D:3      | HP: 1/32 [FerrousOx's ghost (5)]
  2331 | D:3      | Slain by FerrousOx's ghost

Skill      XL: |  1  2  3 |
---------------+----------+-----
Dodging        | 3 |  3.1
Transmutations | 4 |  4.9
Fighting       | |  1.2
Stealth        | |  0.8
Unarmed Combat | |  3.8
Spellcasting   | |  2.3
Poison Magic   | |  0.2

Action                   |  1- 3 |  4- 6 || total
-------------------------+-------+-------++-------
Melee: Unarmed           |   119 |    66 ||   185
       Headbutt          |     8 |       ||     8
       Punch             |     1 |     1 ||     2
 Cast: Beastly Appendage |    16 |     4 ||    20
       Spider Form       |     8 |     7 ||    15
       Sticks to Snakes  |       |     2 ||     2
  Use: Potion            |     1 |     2 ||     3
       Scroll            |     3 |     1 ||     4
  Eat: Chunk             |     1 |     1 ||     2
       Bread ration      |     1 |       ||     1
Armor: Robe              |    28 |     2 ||    30
       Skin              |     1 |     4 ||     5
Dodge: Dodged            |   127 |    72 ||   199
